 Dungeon Crawl Stone Soup version 0.19.5 (webtiles) character file.

120 RaHiT the Magician (level 4, -6/30 HPs)
             Began as a Mummy Conjurer on May 9, 2017.
             Mangled by Slocknog's ghost (18 damage)
             ... on level 4 of the Dungeon.
             The game lasted 00:16:16 (4260 turns).

RaHiT the Magician (Mummy Conjurer)                 Turns: 4260, Time: 00:16:17

Health: -6/30      AC:  5    Str: 11    XL:     4   Next: 75%
Magic:  3/10       EV: 12    Int: 15    God:
Gold:   122        SH:  2    Dex: 12    Spells: 2 memorised, 9 levels left

rFire  x . .     SeeInvis +     m - -2 spear (curse)
rCold  + . .     Gourm    .     a - +0 robe
rNeg   + + +     Faith    .     (no shield)
rPois  ∞         Spirit   .     (no helmet)
rElec  .         Reflect  +     g - +2 cloak
rCorr  .         Harm     .     (no gloves)
MR     .....                    (no boots)
Stlth  ++........               l - +2 amulet of reflection
                                (no ring)
                                e - ring of see invisible

@: no status effects
A: no food or potions, fire vulnerability, cold resistance 1, negative energy
resistance 3, torment resistance, unbreathing
a: no special abilities


You were on level 4 of the Dungeon.
You were not hungry.

You visited 1 branch of the dungeon, and saw 4 of its levels.

You collected 122 gold pieces.

Inventory:

Hand Weapons
 m - a cursed -2 spear (weapon)
 o - a cursed -1 short sword
 p - a cursed -2 spear
Armour
 a - a +0 robe (worn)
 g - a +2 cloak (worn)
Jewellery
 e - a ring of see invisible (left hand)
 l - a +2 amulet of reflection (around neck)
Scrolls
 c - 3 scrolls of identify {unknown}
 d - a scroll of magic mapping {unknown}
 f - a scroll of recharging {unknown}
 h - a scroll of random uselessness {unknown}
 i - a scroll of remove curse {unknown}
 j - a scroll of enchant armour {unknown}
 k - a scroll of teleportation {unknown}
 n - a scroll of immolation {unknown}
Books
 b - a book of Conjurations

   Spells                             Type                      Level
   a - Magic Dart                     Conjuration                  1
   b - Searing Ray                    Conjuration                  2
   c - Dazzling Spray                 Conjuration/Hexes            3
   d - Fulminant Prism                Conjuration/Hexes            4
   e - Iskenderun's Mystic Blast      Conjuration                  4
   f - Iskenderun's Battlesphere      Conjuration/Charms           5


   Skills:
 - Level 1.5 Dodging
 - Level 1.5 Stealth
 + Level 4.6 Spellcasting
 - Level 3.2 Conjurations


You had 9 spell levels left.
You knew the following spells:

 Your Spells              Type           Power        Failure   Level  Hunger
a - Magic Dart            Conj           ##..         6%          1    N/A
q - Searing Ray           Conj           ##....       10%         2    N/A

Dungeon Overview and Level Annotations

Branches:
Dungeon (4/15)
 Temple: D:4-7

Altars:
Makhleb

Annotations:
D:2 Terence
D:3 DasRunzen's ghost, amateur DgWn
D:4 Slocknog's ghost, amateur DsBe


Innate Abilities, Weirdness & Mutations

You do not eat or drink.
Your flesh is vulnerable to fire.
You are immune to poison.
Your flesh is cold resistant. (rC+)
You are immune to negative energy. (rN+++)
You are immune to unholy pain and torment.
You can survive without breathing.


Message History

Slocknog's ghost is lightly damaged.
The searing ray hits Slocknog's ghost.
Slocknog's ghost is lightly damaged.
Slocknog's ghost completely misses you.
The searing ray hits Slocknog's ghost.
Slocknog's ghost is lightly damaged.
You finish channeling your searing ray.
Slocknog's ghost completely misses you.
Casting: Searing Ray
Confirm with . or Enter, or press ? or * to list all spells.
Aiming: Searing Ray
Press: ? - help, Shift-Dir - straight line, f/p - Slocknog's ghost
Aim: Slocknog's ghost (lightly damaged)
The searing ray hits Slocknog's ghost.
Slocknog's ghost is lightly damaged. (Press . to maintain the ray.) Slocknog's ghost hits you!!
Ouch! That really hurt!
Slocknog's ghost hits you!!
Ouch! That really hurt!
You die...

# .###
.....
####...##
#.@.....#
#W##......
#.# ##.##
#.# #.#
#.# #..
.... .###.


You could see Slocknog's ghost.

Vanquished Creatures
  An orc wizard (D:3)
  2 adders (D:2)
  4 worms
  2 dart slugs (D:1)
  4 leopard geckos
  7 orcs
  3 bats
  A giant cockroach (D:2)
  5 goblins
  5 hobgoblins
  A quokka (D:3)
  A ball python (D:1)
  3 frilled lizards (D:1)
  8 kobolds
  6 rats
53 creatures vanquished.

Notes
Turn   | Place    | Note
-------+----------+-------------------------------------------
     0 | D:1      | RaHiT the Mummy Conjurer began the quest for the Orb.
     0 | D:1      | Reached XP level 1. HP: 13/13 MP: 3/3
   457 | D:1      | Reached XP level 2. HP: 14/19 MP: 0/5
   461 | D:1      | Learned a level 2 spell: Searing Ray
   697 | D:1      | Reached skill level 3 in Spellcasting
  1059 | D:2      | Noticed Terence
  1287 | D:2      | You fall through a shaft for 2 floors!
  1345 | D:4      | Found a burning altar of Makhleb.
  1447 | D:2      | Reached XP level 3. HP: 24/24 MP: 0/7
  2412 | D:3      | Noticed DasRunzen's ghost (amateur DgWn)
  2482 | D:3      | HP: 1/24 [DasRunzen's ghost (11)]
  2818 | D:3      | Reached skill level 4 in Spellcasting
  2880 | D:3      | Reached XP level 4. HP: 30/30 MP: 6/10
  4250 | D:4      | Noticed Slocknog's ghost (amateur DsBe)
  4260 | D:4      | Mangled by Slocknog's ghost

Skill      XL: |  1  2  3 |
---------------+----------+-----
Spellcasting   | 3 4 |  4.6
Dodging        | |  1.5
Stealth        | |  1.5
Conjurations   | |  3.2

Action                   |  1- 3 |  4- 6 || total
-------------------------+-------+-------++-------
Melee: Unarmed           |    22 |       ||    22
       Spear             |       |     8 ||     8
 Cast: Magic Dart        |    67 |    28 ||    95
       Searing Ray       |    12 |    11 ||    23
Armor: Robe              |    11 |     4 ||    15
Dodge: Dodged            |    26 |    12 ||    38
Block: Other             |       |     2 ||     2
